 Dungeon Crawl Stone Soup version 0.30.0-30-g96aa6591b8 (webtiles) character file.

Game seed: 17874134518661135794

107 Dordric the Slasher (level 5, -18/38 HPs)
             Began as a Djinni Warper on June 29, 2023.
             Demolished by an ice beast (21 damage)
             ... on level 3 of the Dungeon.
             The game lasted 00:05:17 (2605 turns).

Dordric the Slasher (Djinni Warper)                 Turns: 2605, Time: 00:05:18

Health: -18/38     AC:  4    Str: 10    XL:     5   Next: 11%
Gold:   167        EV: 12    Int: 15    God:
                   SH:  0    Dex: 14

rFire   + + .        g - +3 dagger
rCold   x . .        (no shield)
rNeg    . . .        b - +0 leather armour
rPois   ∞            (no helmet)
rElec   .            e - +0 cloak
rCorr   .            (no gloves)
SInv    .            (boots unavailable)
Will    .....        (no amulet)
Stlth   +            (no ring)
HPRegen 0.26/turn    (no ring)
MPRegen 0.00/turn

%: infuse magic (-19 HP)
@: on blink cooldown, flying
A: sickness immunity, fire resistance 2, cold vulnerability 1, float, innate
caster, HP casting, extra vitality 1
a: no special abilities


You were on level 3 of the Dungeon.
You visited 1 branch of the dungeon, and saw 3 of its levels.

You collected 167 gold pieces.

Inventory:

Hand Weapons
 a - a +0 falchion
 g - a +3 dagger (weapon)
Missiles
 d - 4 boomerangs of dispersal
 k - 3 boomerangs
Armour
 b - a +0 leather armour (worn)
 e - a +0 cloak (worn)
 j - a scarf of repulsion
Magical Staves
 u - a staff of conjuration
Scrolls
 c - a scroll of blinking
 h - 2 scrolls of identify {unknown}
 i - a scroll of poison {unknown}
 l - a scroll of enchant armour {unknown}
 m - 2 scrolls of magic mapping {unknown}
 o - a scroll of amnesia {unknown}
 p - a scroll of fear {unknown}
 q - a scroll of silence {unknown}
 v - a scroll of immolation {unknown}
 w - a scroll of summoning {unknown}
 x - a scroll of brand weapon {unknown}
Potions
 f - 3 potions of curing {unknown}
 n - a potion of haste {unknown}
 r - a potion of mutation {unknown}
 s - a potion of flight {unknown}
 t - a potion of heal wounds {unknown}


   Skills:
 - Level 2.0 Fighting
 + Level 4.4 Long Blades
 - Level 0.7 Throwing
 - Level 1.0 Armour
 - Level 2.1 Dodging
 - Level 2.4 Spellcasting


You knew the following spells:

 Your Spells              Type           Power      Damage    Failure   Level
a - Blink                 Tloc           18%        N/A       16%         2
b - Lesser Beckoning      Tloc           18%        N/A       16%         2
c - Vhi's Electric Charg  Tloc/Air       18%        N/A       32%         3
d - Teleport Other        Tloc           9%         N/A       32%         3
e - Manifold Assault      Tloc           9%         N/A       71%         4
f - Magic Dart            Conj           36%        1d4       11%         1
g - Passwall              Tmut/Erth      7%         N/A       16%         2
Your spell library was empty.

Dungeon Overview and Level Annotations

Branches:
Dungeon (3/15)

Altars:

Annotations:
D:3 1 runed translucent door, Crazy Yiuf


Innate Abilities, Weirdness & Mutations

You are immune to sickness and miasma.
You are immune to poison.
Your flesh is very heat resistant. (rF++)
You are vulnerable to cold. (rC-)
You float through the air rather than walking.
You learn spells naturally, not from books.
Your magical power is your life essence.
You have superior vitality. (+4 MHP)


Message History

Casting: Blink (safe; 16% risk of failure)
Confirm with . or Enter, or press ? or * to list all spells.
You don't have enough health to cast this spell.
You don't have enough health to cast this spell.
Throw: 7 boomerangs (disperse)
Press: ? - help, Shift-Dir - straight line, f - ice beast
Aim: an ice beast (59% to hit)
You throw a boomerang of dispersal.
The boomerang of dispersal hits the ice beast and shatters for extra damage.
The ice beast blinks!
The ice beast is lightly wounded.
Aiming: Magic Dart (safe; 11% risk of failure)
Press: ? - help, Q - select action, (/) - cycle Shift-Dir - straight line, f/p - ice beast
Aim: an ice beast (lightly wounded, 100% to hit)
The magic dart hits the ice beast.
The ice beast is lightly wounded.
* * * LOW HITPOINT WARNING * * *
Throw: 6 boomerangs (disperse)
Press: ? - help, Shift-Dir - straight line, f/p - ice beast
Aim: an ice beast (lightly wounded, 59% to hit)
You throw a boomerang of dispersal.
The boomerang of dispersal hits the ice beast and shatters, but does no damage.
The ice beast is lightly wounded.
The ice beast closely misses you.
Throw: 5 boomerangs (disperse)
Press: ? - help, Shift-Dir - straight line, f/p - ice beast
Aim: an ice beast (lightly wounded, 59% to hit)
You throw a boomerang of dispersal.
The boomerang of dispersal hits the ice beast and shatters for extra damage.
The ice beast blinks!
The ice beast is moderately wounded.
Casting: Magic Dart (safe; 11% risk of failure)
Confirm with . or Enter, or press ? or * to list all spells.
You blink.
* * * LOW HITPOINT WARNING * * *
The ice beast attacks as you move away! The ice beast hits you.
* * * LOW HITPOINT WARNING * * *
The ice beast freezes you!!
You feel a terrible chill!
Ouch! That really hurt!
You die...

♣♣.♣ #.............#
#+# #.............#
... ###########...#
#...#
#.........#...#
#..)#
#.....§...#...#
#####
#######...#...#
#.....#...#...#
######.....#.Y.#...#
.......<...#..@#...#
#####+###..'...#...#
#..#...#...#
#..#...#...#
#..#...#...#
#..#...#...#
#..#...#...#
...#...#...#
....#...#Y..#


You could see an ice beast.

Vanquished Creatures
  3 gnolls (D:2)
  2 adders (D:2)
  6 ball pythons
  5 endoplasms
  A giant cockroach (D:1)
  8 goblins
  4 hobgoblins
  2 jackals (D:1)
  6 kobolds
  3 quokkas
  7 bats
  4 frilled lizards (D:1)
  4 rats
55 creatures vanquished.

Notes
Turn   | Place    | Note
-------+----------+-------------------------------------------
     0 | D:1      | Dordric the Djinni Warper began the quest for the Orb.
     0 | D:1      | Dordric set off with the following spells memorised: Blink,
                  | Lesser Beckoning, Vhi's Electric Charge, Teleport Other,
                  | Manifold Assault.
     0 | D:1      | Reached XP level 1. HP: 18/18 MP: 0/0
    47 | D:1      | Reached skill level 2 in Long Blades
    87 | D:1      | Reached XP level 2. HP: 20/23 MP: 0/0
   403 | D:1      | Found a faded altar of an unknown god.
   432 | D:1      | Reached skill level 3 in Long Blades
   432 | D:1      | Reached XP level 3. HP: 23/28 MP: 0/0
   432 | D:1      | Learned a level 1 spell: Magic Dart
  1187 | D:2      | Reached XP level 4. HP: 29/33 MP: 0/0
  1593 | D:2      | Reached skill level 4 in Long Blades
  1905 | D:2      | Reached XP level 5. HP: 31/38 MP: 0/0
  1905 | D:2      | Learned a level 2 spell: Passwall
  2082 | D:3      | Noticed an ice beast
  2462 | D:3      | Found a runed translucent door.
  2463 | D:3      | Noticed Crazy Yiuf
  2579 | D:3      | HP: 1/38 [ice beast (16)]
  2605 | D:3      | Demolished by an ice beast

Illustrated notes

Levels and vault maps discovered:
D:1:      dpeg_arrival_boxorama, layout_basic,
          ebering_ecumenical_altar_sacrificial
D:2:      layout_loops_ring
D:3:      layout_basic, minmay_misc_feat_hallway,
          chequers_serial_rivers_small_b, nicolae_elevator_lobby_asterisk,
          uniq_crazy_yiuf_cottage

Skill      XL: |  1  2  3  4 |
---------------+-------------+-----
Long Blades    | 2 3 4 |  4.4
Fighting       | |  2.0
Throwing       | |  0.7
Armour         | |  1.0
Dodging        | |  2.1
Spellcasting   | |  2.4

Action                     |  1- 3 |  4- 6 || total
---------------------------+-------+-------++-------
  Melee: Falchion          |   107 |    33 ||   140
         Dagger            |       |    15 ||    15
  Throw: Boomerang         |       |     3 ||     3
   Cast: Magic Dart        |       |    52 ||    52
         Blink             |       |     7 ||     7
   Stab: Sleeping          |     2 |       ||     2
 Armour: Leather armour    |    25 |    25 ||    50
  Dodge: Dodged            |    78 |    49 ||   127
